Senators vs Flames

Created - February 16 2007 at 18:08

Goals
1 2 3 T
Senators 0 1 3 4
Flames 1 1 0 2
Shots
1 2 3 T
Senators 10 8 10 28
Flames 6 14 17 37

Period #1

1. Flames , Alex Tanguay 23 (Jarome Iginla, Rhett Warrener) at 17:48

Penalities :
Dany Heatley (OTT) for Delaying the game (Minor) at 0:55, Brent Seabrook (OTT) for Tripping (Minor) at 3:09, Andrei Zyuzin (CGY) for Kneeing (Major) at 6:08, Chuck Kobasew (CGY) for Checking from behind (Major) at 11:55, Roman Hamrlik (CGY) for Diving (Minor) at 17:51

Period #2

2. Senators , Joffrey Lupul 16 (Dany Heatley, Jay Bouwmeester) at 5:19 (PP)
3. Flames , Jarome Iginla 25 (Alex Tanguay, Dion Phaneuf) at 19:27

Penalities :
Patrick Eaves (OTT) for Clipping (Minor) at 1:52, Rhett Warrener (CGY) for Kneeing (Major) at 4:34, Chris Kelly (OTT) for Elbowing (Minor) at 9:57, Anton Volchenkov (OTT) for Cross-checking (Minor) at 14:22, Jarome Iginla (CGY) for Tripping (Minor) at 14:37

Period #3

4. Senators , Jason Spezza 23 (Dany Heatley) at 16:01
5. Senators , Chris Kelly 6 (Patrick Eaves, Peter Schaefer) at 18:59
6. Senators , Mike Fisher 19 (Andrej Meszaros, Antoine Vermette) at 19:57 (PP) (Empty Net)

Penalities :
Jay Bouwmeester (OTT) for Elbowing (Minor) at 0:20, Andrew Ference (CGY) for Fighting (Major) at 8:42, Patrick Eaves (OTT) for Fighting (Major) at 8:42, Andrei Zyuzin (CGY) for Diving (Minor) at 16:13, Dion Phaneuf (CGY) for Elbowing (Minor) at 19:15

Goalie Stats

Martin Gerber (OTT), 35 saves from 37 shots - (0.946), W, 24-9-2, 60:00 minutes
Miikka Kiprusoff (CGY), 24 saves from 27 shots - (0.889), L, 18-9-3, 60:00 minutes

Players Stats

Senators
Player Name              G  A  P  +/- PIM S  H  SB FO MP 
-----------------------------------------------------------
Andrej Meszaros          0  1  1   1  0   0  0  0  0  20 
Antoine Vermette         0  1  1  -1  0   2  0  0  25 19 
Anton Volchenkov         0  0  0   0  2   0  0  1  0  11 
Brent Seabrook           0  0  0   0  2   0  0  1  0  7  
Chris Kelly              1  0  1   0  2   3  4  0  16 14 
Chris Neil               0  0  0   0  0   0  0  0  0  5  
Chris Phillips           0  0  0   1  0   0  0  1  0  19 
Dan Boyle                0  0  0  -1  0   1  0  2  0  23 
Dany Heatley             0  2  2   1  2   4  0  0  16 23 
Jason Spezza             1  0  1   1  0   6  0  0  20 23 
Jay Bouwmeester          0  1  1  -1  2   0  1  1  0  24 
Joe Corvo                0  0  0   0  0   2  0  0  0  9  
Joffrey Lupul            1  0  1  -1  0   3  0  1  1  24 
Mike Cammalleri          0  0  0   1  0   2  0  0  1  17 
Mike Fisher              1  0  1  -1  0   4  0  0  12 24 
Patrick Eaves            0  1  1   0  7   0  1  1  1  11 
Peter Schaefer           0  1  1   0  0   1  1  2  3  19 
Tom Preissing            0  0  0   0  0   0  0  0  0  11 
Flames
Player Name              G  A  P  +/- PIM S  H  SB FO MP 
-----------------------------------------------------------
Alex Tanguay             1  1  2   2  0   3  0  0  4  25 
Andrei Zyuzin            0  0  0  -2  7   1  0  0  0  12 
Andrew Ference           0  0  0  -2  5   0  2  0  0  15 
Bill Guerin              0  0  0   0  0   0  1  0  0  11 
Brian Willsie            0  0  0  -2  0   3  0  0  0  11 
Chuck Kobasew            0  0  0   1  5   1  0  0  1  5  
Craig Conroy             0  0  0   1  0   3  1  1  25 23 
Daymond Langkow          0  0  0   0  0   4  0  0  22 24 
Dion Phaneuf             0  1  1   2  2   2  1  1  0  25 
Jarome Iginla            1  1  2   2  2   7  1  0  22 24 
Jaroslav Modry           0  0  0   0  0   0  0  2  0  24 
Joe Nieuwendyk           0  0  0  -2  0   4  0  0  18 17 
Jussi Jokinen            0  0  0  -2  0   4  0  0  2  11 
Kristian Huselius        0  0  0   0  0   3  0  0  0  14 
Matthew Lombardi         0  0  0   0  0   0  0  0  1  1  
Rhett Warrener           0  1  1   1  5   0  0  0  0  5  
Robyn Regehr             0  0  0   1  0   0  1  2  0  23 
Roman Hamrlik            0  0  0   0  2   2  0  1  0  20 

3 Stars

1 - Jarome Iginla (CGY)
2 - Alex Tanguay (CGY)
3 - Martin Gerber (OTT)

Power Play

Senators - 2 on 7 Attempt(s) - 28.57%
Flames - 0 on 6 Attempt(s) - 0.00%

Penalty Kill

Senators - 6 on 6 Attempt(s) - 100.00% - Score 0 goal in Penalty Kill
Flames - 5 on 7 Attempt(s) - 71.43% - Score 0 goal in Penalty Kill

Game Notes

Matthew Lombardi is injured at 5:57 of 1st period (Wrist)
Andrew Ference and Patrick Eaves fight to a draw at 8:42 of 3rd period
Mike Fisher has scored in a empty net!

Finance

Level 1 -- Attendance: 6500 (100.00%) -- Ticket Income $585,000.00
Level 2 -- Attendance: 5500 (100.00%) -- Ticket Income $302,500.00
Level 3 -- Attendance: 2785 (100.00%) -- Ticket Income $83,550.00
Level 4 -- Attendance: 4000 (100.00%) -- Ticket Income $80,000.00
Luxury Box -- Attendance: 1250 (100.00%) -- Ticket Income $150,000.00
Game was played at the Pengrowth Saddledome
Total Attendance: 20035 (100.00%)
Total Ticket Income: $1,210,622.00
Other Income: $55,860.90
Total Income: $1,266,483.00


Play by Play

Period #1

0:01 of 1st period - Antoine Vermette wins face-off versus Craig Conroy in neutral zone.
0:01 of 1st period - Mike Fisher is hit by Robyn Regehr and loses puck.
0:28 of 1st period - Jay Bouwmeester is hit by Craig Conroy and loses puck.
0:55 of 1st period - Minor Penalty to Dany Heatley for Delaying the game.
0:56 of 1st period - Peter Schaefer wins face-off versus Daymond Langkow in neutral zone.
2:15 of 1st period - Shot by Chris Kelly.
2:15 of 1st period - Stopped by Miikka Kiprusoff without a rebound.
2:16 of 1st period - Daymond Langkow wins face-off versus Mike Fisher in Flames zone.
3:09 of 1st period - Shot by Joe Nieuwendyk.
3:09 of 1st period - Shot Blocked by Brent Seabrook.
3:09 of 1st period - Minor Penalty to Brent Seabrook for Tripping.
3:10 of 1st period - Craig Conroy wins face-off versus Mike Fisher in Senators zone.
3:23 of 1st period - Shot by Jarome Iginla.
3:23 of 1st period - Stopped by Martin Gerber without a rebound.
3:24 of 1st period - Craig Conroy wins face-off versus Dany Heatley in Senators zone.
3:45 of 1st period - Shot by Jarome Iginla.
3:45 of 1st period - Stopped by Martin Gerber without a rebound.
3:46 of 1st period - Dany Heatley wins face-off versus Daymond Langkow in Senators zone.
4:58 of 1st period - Off-side.
4:59 of 1st period - Mike Fisher wins face-off versus Daymond Langkow in neutral zone.
5:23 of 1st period - Off-side.
5:24 of 1st period - Joe Nieuwendyk wins face-off versus Dany Heatley in neutral zone.
5:37 of 1st period - Shot by Brian Willsie.
5:37 of 1st period - Stopped by Martin Gerber without a rebound.
5:38 of 1st period - Chris Kelly wins face-off versus Matthew Lombardi in Senators zone.
5:56 of 1st period - Matthew Lombardi is hit by Chris Kelly and loses puck.
5:57 of 1st period - Matthew Lombardi from Flames is injured at 5:57 of 1st period (Wrist).
5:58 of 1st period - Jussi Jokinen wins face-off versus Antoine Vermette in Senators zone.
6:08 of 1st period - Major Penalty to Andrei Zyuzin for Kneeing.
6:09 of 1st period - Antoine Vermette wins face-off versus Craig Conroy in Senators zone.
6:25 of 1st period - Icing by Antoine Vermette.
6:26 of 1st period - Antoine Vermette wins face-off versus Craig Conroy in Senators zone.
7:06 of 1st period - Icing by Jay Bouwmeester.
7:07 of 1st period - Jason Spezza wins face-off versus Craig Conroy in Senators zone.
7:30 of 1st period - Shot by Jason Spezza.
7:30 of 1st period - Shot Misses the Net.
7:33 of 1st period - Shot by Dany Heatley.
7:33 of 1st period - Shot Misses the Net.
7:34 of 1st period - Shot by Dany Heatley.
7:34 of 1st period - Stopped by Miikka Kiprusoff with a rebound.
7:37 of 1st period - Shot by Dany Heatley.
7:37 of 1st period - Stopped by Miikka Kiprusoff without a rebound.
7:38 of 1st period - Jarome Iginla wins face-off versus Antoine Vermette in Flames zone.
9:24 of 1st period - Icing by Chris Kelly.
9:25 of 1st period - Craig Conroy wins face-off versus Chris Kelly in Senators zone.
9:30 of 1st period - Shot by Craig Conroy.
9:30 of 1st period - Stopped by Martin Gerber without a rebound.
9:31 of 1st period - Jarome Iginla wins face-off versus Jason Spezza in Senators zone.
9:36 of 1st period - Shot by Jarome Iginla.
9:36 of 1st period - Shot Misses the Net.
9:41 of 1st period - Shot by Jason Spezza.
9:41 of 1st period - Stopped by Miikka Kiprusoff without a rebound.
9:42 of 1st period - Craig Conroy wins face-off versus Antoine Vermette in Flames zone.
10:53 of 1st period - Shot by Dany Heatley.
10:53 of 1st period - Stopped by Miikka Kiprusoff without a rebound.
10:54 of 1st period - Joe Nieuwendyk wins face-off versus Jason Spezza in Flames zone.
11:13 of 1st period - Shot by Joe Nieuwendyk.
11:13 of 1st period - Shot Misses the Net.
11:42 of 1st period - Shot by Jussi Jokinen.
11:42 of 1st period - Shot Misses the Net.
11:45 of 1st period - Shot by Jussi Jokinen.
11:45 of 1st period - Stopped by Martin Gerber with a rebound.
11:53 of 1st period - Icing by Anton Volchenkov.
11:54 of 1st period - Jarome Iginla wins face-off versus Peter Schaefer in Senators zone.
11:54 of 1st period - Alex Tanguay is hit by Chris Kelly and loses puck.
11:55 of 1st period - Major Penalty to Chuck Kobasew for Checking from behind.
11:56 of 1st period - Jarome Iginla wins face-off versus Jason Spezza in Senators zone.
14:20 of 1st period - Icing by Chris Phillips.
14:21 of 1st period - Antoine Vermette wins face-off versus Alex Tanguay in Senators zone.
14:27 of 1st period - Off-side.
14:28 of 1st period - Antoine Vermette wins face-off versus Daymond Langkow in neutral zone.
15:23 of 1st period - Shot by Jason Spezza.
15:23 of 1st period - Stopped by Miikka Kiprusoff with a rebound.
15:24 of 1st period - Shot by Joe Corvo.
15:24 of 1st period - Stopped by Miikka Kiprusoff without a rebound.
15:25 of 1st period - Joe Nieuwendyk wins face-off versus Jason Spezza in Flames zone.
15:33 of 1st period - Icing by Jason Spezza.
15:34 of 1st period - Jarome Iginla wins face-off versus Jason Spezza in Senators zone.
15:55 of 1st period - Shot by Joe Corvo.
15:55 of 1st period - Stopped by Miikka Kiprusoff without a rebound.
15:56 of 1st period - Antoine Vermette wins face-off versus Jarome Iginla in Flames zone.
16:50 of 1st period - Icing by Jason Spezza.
16:51 of 1st period - Jason Spezza wins face-off versus Jarome Iginla in Senators zone.
16:55 of 1st period - Off-side.
16:56 of 1st period - Chris Kelly wins face-off versus Joe Nieuwendyk in neutral zone.
16:56 of 1st period - Patrick Eaves is hit by Andrew Ference and loses puck.
17:13 of 1st period - Jussi Jokinen is hit by Patrick Eaves and loses puck.
17:23 of 1st period - Shot by Joe Nieuwendyk.
17:23 of 1st period - Shot Blocked by Anton Volchenkov.
17:48 of 1st period - Shot by Jarome Iginla.
17:48 of 1st period - Goal by Alex Tanguay - Senators : 0 - Flames : 1.
17:49 of 1st period - Jason Spezza wins face-off versus Daymond Langkow in neutral zone.
17:51 of 1st period - Minor Penalty to Roman Hamrlik for Diving.
17:52 of 1st period - Craig Conroy wins face-off versus Jason Spezza in Flames zone.
18:08 of 1st period - Icing by Jason Spezza.
18:09 of 1st period - Craig Conroy wins face-off versus Jason Spezza in Senators zone.
19:12 of 1st period - Shot by Antoine Vermette.
19:12 of 1st period - Shot Blocked by Jaroslav Modry.
19:29 of 1st period - Shot by Mike Fisher.
19:29 of 1st period - Stopped by Miikka Kiprusoff with a rebound.
19:58 of 1st period - Shot by Peter Schaefer.
19:58 of 1st period - Stopped by Miikka Kiprusoff without a rebound.
19:59 of 1st period - Joe Nieuwendyk wins face-off versus Chris Kelly in Flames zone.

Period #2

0:01 of 2nd period - Antoine Vermette wins face-off versus Craig Conroy in neutral zone.
0:22 of 2nd period - Shot by Craig Conroy.
0:22 of 2nd period - Shot Blocked by Joffrey Lupul.
0:39 of 2nd period - Shot by Alex Tanguay.
0:39 of 2nd period - Shot Misses the Net.
0:40 of 2nd period - Shot by Craig Conroy.
0:40 of 2nd period - Shot Misses the Net.
1:06 of 2nd period - Jay Bouwmeester is hit by Bill Guerin and loses puck.
1:48 of 2nd period - Shot by Joe Nieuwendyk.
1:48 of 2nd period - Stopped by Martin Gerber with a rebound.
1:49 of 2nd period - Shot by Andrei Zyuzin.
1:49 of 2nd period - Stopped by Martin Gerber without a rebound.
1:50 of 2nd period - Jarome Iginla wins face-off versus Chris Kelly in Senators zone.
1:51 of 2nd period - Shot by Chuck Kobasew.
1:51 of 2nd period - Shot Blocked by Patrick Eaves.
1:52 of 2nd period - Shot by Jarome Iginla.
1:52 of 2nd period - Stopped by Martin Gerber with a rebound.
1:52 of 2nd period - Minor Penalty to Patrick Eaves for Clipping.
1:53 of 2nd period - Dany Heatley wins face-off versus Alex Tanguay in Senators zone.
3:08 of 2nd period - Shot by Kristian Huselius.
3:08 of 2nd period - Stopped by Martin Gerber without a rebound.
3:09 of 2nd period - Daymond Langkow wins face-off versus Dany Heatley in Senators zone.
4:03 of 2nd period - Tom Preissing is hit by Andrew Ference and loses puck.
4:28 of 2nd period - Icing by Tom Preissing.
4:29 of 2nd period - Chris Kelly wins face-off versus Jarome Iginla in Senators zone.
4:31 of 2nd period - Tom Preissing is hit by Dion Phaneuf and loses puck.
4:34 of 2nd period - Major Penalty to Rhett Warrener for Kneeing.
4:35 of 2nd period - Antoine Vermette wins face-off versus Jarome Iginla in Senators zone.
4:56 of 2nd period - Shot by Mike Fisher.
4:56 of 2nd period - Stopped by Miikka Kiprusoff with a rebound.
5:19 of 2nd period - Shot by Dany Heatley.
5:19 of 2nd period - Goal by Joffrey Lupul - Senators : 1 - Flames : 1.
5:20 of 2nd period - Jason Spezza wins face-off versus Craig Conroy in neutral zone.
5:57 of 2nd period - Shot by Dany Heatley.
5:57 of 2nd period - Shot Blocked by Craig Conroy.
6:14 of 2nd period - Shot by Andrej Meszaros.
6:14 of 2nd period - Shot Misses the Net.
6:17 of 2nd period - Shot by Andrej Meszaros.
6:17 of 2nd period - Shot Misses the Net.
6:20 of 2nd period - Shot by Antoine Vermette.
6:20 of 2nd period - Stopped by Miikka Kiprusoff without a rebound.
6:21 of 2nd period - Antoine Vermette wins face-off versus Jarome Iginla in Flames zone.
7:42 of 2nd period - Shot by Antoine Vermette.
7:42 of 2nd period - Stopped by Miikka Kiprusoff without a rebound.
7:43 of 2nd period - Jarome Iginla wins face-off versus Antoine Vermette in Flames zone.
7:56 of 2nd period - Shot by Mike Fisher.
7:56 of 2nd period - Stopped by Miikka Kiprusoff without a rebound.
7:57 of 2nd period - Jason Spezza wins face-off versus Craig Conroy in Flames zone.
8:14 of 2nd period - Shot by Alex Tanguay.
8:14 of 2nd period - Stopped by Martin Gerber without a rebound.
8:15 of 2nd period - Joe Nieuwendyk wins face-off versus Antoine Vermette in Senators zone.
9:54 of 2nd period - Shot by Jussi Jokinen.
9:54 of 2nd period - Stopped by Martin Gerber without a rebound.
9:55 of 2nd period - Daymond Langkow wins face-off versus Chris Kelly in Senators zone.
9:57 of 2nd period - Minor Penalty to Chris Kelly for Elbowing.
9:58 of 2nd period - Mike Fisher wins face-off versus Daymond Langkow in Senators zone.
10:10 of 2nd period - Off-side.
10:11 of 2nd period - Mike Fisher wins face-off versus Alex Tanguay in neutral zone.
10:38 of 2nd period - Shot by Alex Tanguay.
10:38 of 2nd period - Stopped by Martin Gerber with a rebound.
10:39 of 2nd period - Shot by Robyn Regehr.
10:39 of 2nd period - Shot Blocked by Dan Boyle.
10:51 of 2nd period - Icing by Roman Hamrlik.
10:52 of 2nd period - Daymond Langkow wins face-off versus Dany Heatley in Flames zone.
11:03 of 2nd period - Shot by Kristian Huselius.
11:03 of 2nd period - Shot Blocked by Jay Bouwmeester.
11:29 of 2nd period - Icing by Dion Phaneuf.
11:30 of 2nd period - Dany Heatley wins face-off versus Joe Nieuwendyk in Flames zone.
12:02 of 2nd period - Off-side.
12:03 of 2nd period - Chris Kelly wins face-off versus Jussi Jokinen in neutral zone.
12:05 of 2nd period - Off-side.
12:06 of 2nd period - Joe Nieuwendyk wins face-off versus Peter Schaefer in neutral zone.
14:07 of 2nd period - Shot by Joffrey Lupul.
14:07 of 2nd period - Stopped by Miikka Kiprusoff without a rebound.
14:08 of 2nd period - Jarome Iginla wins face-off versus Mike Fisher in Flames zone.
14:12 of 2nd period - Off-side.
14:13 of 2nd period - Joe Nieuwendyk wins face-off versus Antoine Vermette in neutral zone.
14:18 of 2nd period - Shot by Brian Willsie.
14:18 of 2nd period - Stopped by Martin Gerber with a rebound.
14:19 of 2nd period - Shot by Andrew Ference.
14:19 of 2nd period - Stopped by Martin Gerber without a rebound.
14:20 of 2nd period - Jarome Iginla wins face-off versus Chris Kelly in Senators zone.
14:22 of 2nd period - Minor Penalty to Anton Volchenkov for Cross-checking.
14:23 of 2nd period - Craig Conroy wins face-off versus Mike Fisher in Senators zone.
14:37 of 2nd period - Minor Penalty to Jarome Iginla for Tripping.
14:38 of 2nd period - Dany Heatley wins face-off versus Craig Conroy in neutral zone.
15:07 of 2nd period - Shot by Jason Spezza.
15:07 of 2nd period - Shot Blocked by Roman Hamrlik.
15:44 of 2nd period - Shot by Joe Nieuwendyk.
15:44 of 2nd period - Stopped by Martin Gerber without a rebound.
15:45 of 2nd period - Craig Conroy wins face-off versus Mike Fisher in Senators zone.
15:56 of 2nd period - Shot by Craig Conroy.
15:56 of 2nd period - Stopped by Martin Gerber without a rebound.
15:57 of 2nd period - Mike Fisher wins face-off versus Daymond Langkow in Senators zone.
16:06 of 2nd period - Shot by Joffrey Lupul.
16:06 of 2nd period - Stopped by Miikka Kiprusoff with a rebound.
16:15 of 2nd period - Shot by Mike Fisher.
16:15 of 2nd period - Shot Blocked by Dion Phaneuf.
16:19 of 2nd period - Off-side.
16:20 of 2nd period - Craig Conroy wins face-off versus Dany Heatley in neutral zone.
17:10 of 2nd period - Brian Willsie is hit by Chris Kelly and loses puck.
18:11 of 2nd period - Off-side.
18:12 of 2nd period - Daymond Langkow wins face-off versus Antoine Vermette in neutral zone.
18:12 of 2nd period - Kristian Huselius is hit by Jay Bouwmeester and loses puck.
18:20 of 2nd period - Shot by Joffrey Lupul.
18:20 of 2nd period - Stopped by Miikka Kiprusoff without a rebound.
18:21 of 2nd period - Daymond Langkow wins face-off versus Antoine Vermette in Flames zone.
19:20 of 2nd period - Shot by Alex Tanguay.
19:20 of 2nd period - Shot Misses the Net.
19:21 of 2nd period - Shot by Dion Phaneuf.
19:21 of 2nd period - Stopped by Martin Gerber with a rebound.
19:22 of 2nd period - Shot by Dion Phaneuf.
19:22 of 2nd period - Shot Misses the Net.
19:27 of 2nd period - Shot by Jarome Iginla.
19:27 of 2nd period - Goal by Jarome Iginla - Senators : 1 - Flames : 2.
19:28 of 2nd period - Joe Nieuwendyk wins face-off versus Chris Kelly in neutral zone.
19:36 of 2nd period - Brian Willsie is hit by Chris Kelly and loses puck.
19:46 of 2nd period - Shot by Joe Nieuwendyk.
19:46 of 2nd period - Stopped by Martin Gerber without a rebound.
19:47 of 2nd period - Jarome Iginla wins face-off versus Jason Spezza in Senators zone.

Period #3

0:01 of 3rd period - Antoine Vermette wins face-off versus Craig Conroy in neutral zone.
0:20 of 3rd period - Shot by Mike Fisher.
0:20 of 3rd period - Shot Misses the Net.
0:20 of 3rd period - Minor Penalty to Jay Bouwmeester for Elbowing.
0:21 of 3rd period - Daymond Langkow wins face-off versus Jason Spezza in Flames zone.
1:29 of 3rd period - Icing by Bill Guerin.
1:30 of 3rd period - Daymond Langkow wins face-off versus Dany Heatley in Flames zone.
1:32 of 3rd period - Icing by Roman Hamrlik.
1:33 of 3rd period - Mike Fisher wins face-off versus Daymond Langkow in Flames zone.
2:12 of 3rd period - Shot by Jarome Iginla.
2:12 of 3rd period - Shot Blocked by Chris Phillips.
2:13 of 3rd period - Shot by Dion Phaneuf.
2:13 of 3rd period - Stopped by Martin Gerber without a rebound.
2:14 of 3rd period - Craig Conroy wins face-off versus Dany Heatley in Senators zone.
2:28 of 3rd period - Icing by Peter Schaefer.
2:29 of 3rd period - Joe Nieuwendyk wins face-off versus Chris Kelly in Senators zone.
2:42 of 3rd period - Shot by Jussi Jokinen.
2:42 of 3rd period - Stopped by Martin Gerber without a rebound.
2:43 of 3rd period - Jarome Iginla wins face-off versus Antoine Vermette in Senators zone.
2:54 of 3rd period - Shot by Chuck Kobasew.
2:54 of 3rd period - Stopped by Martin Gerber without a rebound.
2:55 of 3rd period - Joe Nieuwendyk wins face-off versus Chris Kelly in Senators zone.
2:59 of 3rd period - Jussi Jokinen is hit by Peter Schaefer and loses puck.
4:19 of 3rd period - Shot by Joffrey Lupul.
4:19 of 3rd period - Shot Misses the Net.
4:35 of 3rd period - Icing by Alex Tanguay.
4:36 of 3rd period - Jason Spezza wins face-off versus Craig Conroy in Flames zone.
6:01 of 3rd period - Shot by Daymond Langkow.
6:01 of 3rd period - Stopped by Martin Gerber with a rebound.
6:04 of 3rd period - Shot by Daymond Langkow.
6:04 of 3rd period - Stopped by Martin Gerber with a rebound.
6:57 of 3rd period - Shot by Joe Nieuwendyk.
6:57 of 3rd period - Stopped by Martin Gerber with a rebound.
7:00 of 3rd period - Shot by Joe Nieuwendyk.
7:00 of 3rd period - Stopped by Martin Gerber without a rebound.
7:01 of 3rd period - Chris Kelly wins face-off versus Daymond Langkow in Senators zone.
7:18 of 3rd period - Shot by Chris Kelly.
7:18 of 3rd period - Stopped by Miikka Kiprusoff without a rebound.
7:19 of 3rd period - Daymond Langkow wins face-off versus Jason Spezza in Flames zone.
7:27 of 3rd period - Icing by Andrej Meszaros.
7:28 of 3rd period - Jason Spezza wins face-off versus Craig Conroy in Senators zone.
8:42 of 3rd period - Andrew Ference and Patrick Eaves fight to a draw.
8:42 of 3rd period - Penalty to Andrew Ference for Fighting.
8:42 of 3rd period - Penalty to Patrick Eaves for Fighting.
8:43 of 3rd period - Jarome Iginla wins face-off versus Chris Kelly in Senators zone.
8:58 of 3rd period - Shot by Jarome Iginla.
8:58 of 3rd period - Stopped by Martin Gerber without a rebound.
8:59 of 3rd period - Dany Heatley wins face-off versus Jarome Iginla in Senators zone.
9:39 of 3rd period - Icing by Dany Heatley.
9:40 of 3rd period - Jarome Iginla wins face-off versus Dany Heatley in Senators zone.
9:53 of 3rd period - Shot by Jarome Iginla.
9:53 of 3rd period - Shot Misses the Net.
9:54 of 3rd period - Shot by Dion Phaneuf.
9:54 of 3rd period - Shot Misses the Net.
9:57 of 3rd period - Shot by Jarome Iginla.
9:57 of 3rd period - Stopped by Martin Gerber without a rebound.
9:58 of 3rd period - Craig Conroy wins face-off versus Mike Fisher in Senators zone.
10:17 of 3rd period - Shot by Craig Conroy.
10:17 of 3rd period - Stopped by Martin Gerber without a rebound.
10:18 of 3rd period - Jarome Iginla wins face-off versus Mike Fisher in Senators zone.
11:09 of 3rd period - Shot by Jason Spezza.
11:09 of 3rd period - Stopped by Miikka Kiprusoff without a rebound.
11:10 of 3rd period - Joe Nieuwendyk wins face-off versus Dany Heatley in Flames zone.
11:31 of 3rd period - Shot by Joe Nieuwendyk.
11:31 of 3rd period - Shot Misses the Net.
12:08 of 3rd period - Shot by Chris Kelly.
12:08 of 3rd period - Shot Blocked by Jaroslav Modry.
12:11 of 3rd period - Shot by Joffrey Lupul.
12:11 of 3rd period - Shot Hit the Post.
12:32 of 3rd period - Shot by Mike Fisher.
12:32 of 3rd period - Shot Hit the Post.
12:37 of 3rd period - Shot by Dan Boyle.
12:37 of 3rd period - Stopped by Miikka Kiprusoff with a rebound.
12:42 of 3rd period - Shot by Kristian Huselius.
12:42 of 3rd period - Shot Blocked by Peter Schaefer.
12:43 of 3rd period - Shot by Jarome Iginla.
12:43 of 3rd period - Shot Blocked by Peter Schaefer.
12:46 of 3rd period - Shot by Kristian Huselius.
12:46 of 3rd period - Stopped by Martin Gerber without a rebound.
12:47 of 3rd period - Jarome Iginla wins face-off versus Dany Heatley in Senators zone.
12:52 of 3rd period - Shot by Kristian Huselius.
12:52 of 3rd period - Stopped by Martin Gerber without a rebound.
12:53 of 3rd period - Dany Heatley wins face-off versus Joe Nieuwendyk in Senators zone.
13:18 of 3rd period - Shot by Jason Spezza.
13:18 of 3rd period - Stopped by Miikka Kiprusoff with a rebound.
13:21 of 3rd period - Shot by Dany Heatley.
13:21 of 3rd period - Shot Misses the Net.
15:00 of 3rd period - Shot by Dany Heatley.
15:00 of 3rd period - Stopped by Miikka Kiprusoff with a rebound.
15:01 of 3rd period - Shot by Mike Cammalleri.
15:01 of 3rd period - Stopped by Miikka Kiprusoff without a rebound.
15:02 of 3rd period - Daymond Langkow wins face-off versus Joffrey Lupul in Flames zone.
15:04 of 3rd period - Icing by Kristian Huselius.
15:05 of 3rd period - Daymond Langkow wins face-off versus Antoine Vermette in Flames zone.
15:18 of 3rd period - Shot by Daymond Langkow.
15:18 of 3rd period - Shot Misses the Net.
15:19 of 3rd period - Shot by Daymond Langkow.
15:19 of 3rd period - Shot Misses the Net.
15:20 of 3rd period - Shot by Jaroslav Modry.
15:20 of 3rd period - Stopped by Martin Gerber with a rebound.
15:21 of 3rd period - Shot by Roman Hamrlik.
15:21 of 3rd period - Stopped by Martin Gerber without a rebound.
15:22 of 3rd period - Jason Spezza wins face-off versus Craig Conroy in Senators zone.
15:29 of 3rd period - Shot by Alex Tanguay.
15:29 of 3rd period - Stopped by Martin Gerber without a rebound.
15:30 of 3rd period - Antoine Vermette wins face-off versus Chuck Kobasew in Senators zone.
15:45 of 3rd period - Shot by Alex Tanguay.
15:45 of 3rd period - Shot Blocked by Dan Boyle.
15:46 of 3rd period - Shot by Craig Conroy.
15:46 of 3rd period - Stopped by Martin Gerber without a rebound.
15:47 of 3rd period - Joe Nieuwendyk wins face-off versus Mike Cammalleri in Senators zone.
15:54 of 3rd period - Shot by Joe Nieuwendyk.
15:54 of 3rd period - Shot Misses the Net.
16:01 of 3rd period - Shot by Jason Spezza.
16:01 of 3rd period - Goal by Jason Spezza - Senators : 2 - Flames : 2.
16:02 of 3rd period - Patrick Eaves wins face-off versus Daymond Langkow in neutral zone.
16:10 of 3rd period - Off-side.
16:11 of 3rd period - Antoine Vermette wins face-off versus Joe Nieuwendyk in neutral zone.
16:13 of 3rd period - Minor Penalty to Andrei Zyuzin for Diving.
16:14 of 3rd period - Antoine Vermette wins face-off versus Craig Conroy in Flames zone.
17:08 of 3rd period - Off-side.
17:09 of 3rd period - Jason Spezza wins face-off versus Alex Tanguay in neutral zone.
17:24 of 3rd period - Shot by Jason Spezza.
17:24 of 3rd period - Stopped by Miikka Kiprusoff with a rebound.
17:27 of 3rd period - Shot by Dany Heatley.
17:27 of 3rd period - Shot Blocked by Robyn Regehr.
18:17 of 3rd period - Off-side.
18:18 of 3rd period - Joe Nieuwendyk wins face-off versus Chris Kelly in neutral zone.
18:59 of 3rd period - Shot by Chris Kelly.
18:59 of 3rd period - Goal by Chris Kelly - Senators : 3 - Flames : 2.
19:00 of 3rd period - Daymond Langkow wins face-off versus Jason Spezza in neutral zone.
19:09 of 3rd period - Flames,Miikka Kiprusoff is pulled from the net.
19:09 of 3rd period - Shot by Daymond Langkow.
19:09 of 3rd period - Shot Misses the Net.
19:10 of 3rd period - Shot by Kristian Huselius.
19:10 of 3rd period - Shot Misses the Net.
19:11 of 3rd period - Shot by Jaroslav Modry.
19:11 of 3rd period - Shot Misses the Net.
19:12 of 3rd period - Shot by Roman Hamrlik.
19:12 of 3rd period - Stopped by Martin Gerber without a rebound.
19:13 of 3rd period - Antoine Vermette wins face-off versus Craig Conroy in Senators zone.
19:15 of 3rd period - Minor Penalty to Dion Phaneuf for Elbowing.
19:16 of 3rd period - Antoine Vermette wins face-off versus Jarome Iginla in Senators zone.
19:18 of 3rd period - Andrej Meszaros is hit by Jarome Iginla and loses puck.
19:54 of 3rd period - Shot by Antoine Vermette.
19:54 of 3rd period - Shot Blocked by Robyn Regehr.
19:57 of 3rd period - Shot by Mike Fisher.
19:57 of 3rd period - Goal by Mike Fisher - Senators : 4 - Flames : 2.
19:57 of 3rd period - Miikka Kiprusoff from Flames was sent back in the game.
19:58 of 3rd period - Chris Kelly wins face-off versus Joe Nieuwendyk in neutral zone.


Output by the SimonT Hockey Simulator (STHS) for Stephane Roy -- Original Page W3C XHTML 1.0 Valid